 Dungeon Crawl Stone Soup version 0.30.1-4-g462c640d31 (webtiles) character file.

Game seed: 1512823334732364523

5226 LynnLen the Covert (level 10, -7/49 HPs)
             Began as a Spriggan Enchanter on Aug 18, 2023.
             Was a Priest of Dithmenos.
             Mangled by a two-headed ogre (9 damage)
             ... on level 8 of the Dungeon.
             The game lasted 00:28:15 (11298 turns).

LynnLen the Covert (Spriggan Enchanter)            Turns: 11298, Time: 00:28:16

Health: -7/49      AC:  8    Str: 10    XL:     10   Next: 35%
Magic:  11/20      EV: 19    Int: 19    God:    Dithmenos [***...]
Gold:   428        SH:  5    Dex: 18    Spells: 14/22 levels left

rFire   . . .        t - +5 dagger (distort)
rCold   . . .        C - +0 buckler
rNeg    + . .        M - +0 acid dragon scales
rPois   .            (helmet restricted)
rElec   .            A - +1 cloak
rCorr   +            (gloves unavailable)
SInv    +            (boots unavailable)
Will    +....        b - amulet of the acrobat
Stlth   +++++        D - +6 ring of strength
HPRegen 0.28/turn    E - ring of positive energy
MPRegen 0.17/turn

%: acrobat
@: wreathed by umbra, very quick
A: very small, no large weapons, unfitting armour, see invisible, speed 3
a: Renounce Religion, Shadow Step


You were on level 8 of the Dungeon.
You worshipped Dithmenos.
Dithmenos was most pleased with you.
You visited 2 branches of the dungeon, and saw 9 of its levels.
You also visited: Bailey.

You collected 428 gold pieces.

Inventory:

Hand Weapons
 t - a +5 dagger of distortion (weapon)
Missiles
 g - 14 boomerangs
 k - 3 curare-tipped darts
Armour
 l - the +0 robe "Povin" {rN++ rCorr}
   (You found it on level 6 of the Dungeon)

   rN:        It greatly protects you from negative energy.
   rCorr:     It protects you from acid and corrosion.
 A - a +1 cloak (worn)
 C - a +0 buckler (worn)
 M - +0 acid dragon scales (worn)
Jewellery
 b - an amulet of the acrobat (around neck)
 h - a ring of wizardry
 D - a +6 ring of strength (left hand)
 E - a ring of positive energy (right hand)
Wands
 q - a wand of mindburst (10)
 y - a wand of roots (5)
 F - a wand of charming (8)
Scrolls
 f - 4 scrolls of teleportation
 j - 2 scrolls of immolation
 m - 2 scrolls of fog
 n - 2 scrolls of enchant armour
 p - 2 scrolls of fear
 u - a scroll of torment
 w - 3 scrolls of amnesia
 G - a scroll of blinking {unknown}
 I - a scroll of acquirement {unknown}
 L - a scroll of vulnerability {unknown}
Potions
 a - a potion of degeneration {unknown}
 c - 3 potions of invisibility
 d - 11 potions of curing
 e - 3 potions of heal wounds
 i - 2 potions of might
 o - 3 potions of flight
 r - 4 potions of mutation
 s - a potion of brilliance {unknown}
 v - a potion of cancellation {unknown}
 x - 2 potions of magic {unknown}
 z - 2 potions of attraction {unknown}
 B - 3 potions of lignification {unknown}
 H - a potion of ambrosia {unknown}
 J - a potion of experience
 K - a potion of haste {unknown}


   Skills:
 + Level 3.9 Fighting
 * Level 7.8 Short Blades
 + Level 7.0 Dodging
 - Level 8.9 Stealth
 + Level 2.0 Shields
 + Level 6.5 Spellcasting
 - Level 8.0 Hexes
 + Level 3.9 Ice Magic
 + Level 4.2 Invocations


You had 14 spell levels left.
You knew the following spells:

 Your Spells              Type           Power      Damage    Failure   Level
a - Ensorcelled Hibernat  Hex/Ice        56%        N/A       3%          2
b - Confusing Touch       Hex            36%        N/A       3%          3
c - Tukima's Dance        Hex            36%        N/A       3%          3

Your spell library contained the following spells:

 Spells                   Type           Power      Damage    Failure   Level
 Dazzling Flash           Conj/Hex       42%        N/A       16%         3
 Ozocubu's Armour         Ice            21%        N/A       16%         3
 Cigotuvi's Dreadful Rot  Necr/Pois/Air  12%        N/A       36%         2
 Volatile Blastmotes      Fire/Tloc      12%        2d11      61%         3
 Dispel Undead            Necr           6%         3d8       95%         4
 Iskenderun's Mystic Bla  Conj/Tloc      6%         2d4       95%         4
 Death Channel            Necr           3%         N/A       100%        6
 Starburst                Conj/Fire      3%         6d3       100%        6
 Ozocubu's Refrigeration  Ice            10%        4d9       100%        7


Dungeon Overview and Level Annotations

Branches:
Dungeon (8/15)             Temple (1/1) D:4          Bailey (visited)
   Lair: D:8-11

Altars:
Ashenzari
Dithmenos
Fedhas
Gozag
Hepliaklqana
Kikubaaqudgha
Nemelex Xobeh
Okawaru
Sif Muna
Trog
Uskayaw
Vehumet
Wu Jian
Xom
Yredelemnul
Zin
The Shining One

Annotations:
Abyss:1 Crazy Yiuf


Innate Abilities, Weirdness & Mutations

You are very small and have problems with some larger weapons.
You are too small for most types of armour.
You have supernaturally acute eyesight. (SInv)
You cover ground extremely quickly. (Speed+++)


Message History

Aiming: Tukima's Dance (dangerous; 3% risk of failure)
Press: ? - help, Q - select action, (/) - cycle Shift-Dir - straight line, f - you
Okay, then.
Aiming: Tukima's Dance (dangerous; 3% risk of failure)
Press: ? - help, Q - select action, (/) - cycle Shift-Dir - straight line, f/p - two-headed ogre
Aim: a two-headed ogre, wielding a +0 giant club (umbra, chance to affect: 47%)
The +0 giant club dances into the air!
Unknown command.
You barely miss the two-headed ogre.
You hit the two-headed ogre but do no damage.
Space warps around the two-headed ogre.
The two-headed ogre is lightly wounded.
The two-headed ogre hits you! The two-headed ogre hits you.
You hit the two-headed ogre.
Space warps horribly around the two-headed ogre!
The two-headed ogre is moderately wounded.
You hit the two-headed ogre.
Space warps horribly around the two-headed ogre!
The two-headed ogre is severely wounded.
The two-headed ogre closely misses you. You block the two-headed ogre's attack.
You hit the two-headed ogre but do no damage.
The two-headed ogre is severely wounded.
The two-headed ogre blinks!
You closely miss the two-headed ogre.
The two-headed ogre is severely wounded.
The two-headed ogre hits you!
The two-headed ogre completely misses you.
You hit the two-headed ogre.
The two-headed ogre is severely wounded.
The two-headed ogre blinks!
Found a robe.
You now have 428 gold pieces (gained 14).
There are no items here.
Your +0 giant club hits the two-headed ogre.
You hit the two-headed ogre but do no damage.
The two-headed ogre is severely wounded.
The two-headed ogre hits you!
* * * LOW HITPOINT WARNING * * *
The two-headed ogre hits you!
You die...

##....#..## ##....###..##
#....#####..## #...###)#'#..#
#..###)_.###(# #...###)#'#..#
#.#..#####..(#######
#..#..###..........#
##.....#[.....(@##.#*********
###.#...#.####O#*..[,,,,,,,*
##.#####.# #.#*####*****,*
##...## #.#**#.#***** *,*
##.....###.#*,...,,,,* *,*
#..........#*,#.#***,* *,* *
##.....######.#.# *,* *,****
##............#.#* *,* *,,,>,
##............#*,,***,*
******


You could see a two-headed ogre (ally target) and 2 friendly dancing weapons.

Vanquished Creatures
  An orc knight (Bailey)
  Sigmund (D:3)
  2 wyverns
  An acid dragon (D:8)
  A water moccasin (D:8)
  2 ice beasts
  2 black bears (D:5)
  2 orc warriors
  An ogre (D:6)
  A centaur (D:6)
  Blork the orc (D:4)
  A kobold brigand (D:8)
  A bullfrog (D:8)
  3 gnoll sergeants
  3 scorpions
  A wight (D:7)
  3 killer bees (D:7)
  2 howler monkeys (D:6)
  5 hounds
  A jelly (D:6)
  2 gnoll boudas
  An orc priest (D:4)
  4 sleepcaps
  Jessica (D:2)
  5 orc wizards
  Ijyb (D:3)
  Terence (D:3)
  4 iguanas
  Natasha (twice) (D:3)
  17 gnolls
  8 adders
  A shadow imp (D:7)
  2 white imps (D:6)
  2 ufetubi
  2 worms
  3 dart slugs
  27 orcs
  A bat (D:1)
  8 endoplasms
  5 giant cockroaches
  22 goblins
  4 hobgoblins
  8 jackals
  18 kobolds
  3 quokkas
  8 ball pythons
  2 frilled lizards (D:1)
  6 rats
203 creatures vanquished.

Vanquished Creatures (collateral kills)
  An ogre (D:7)
  A centaur (D:7)
  2 wights (D:7)
  3 gnolls (D:6)
7 creatures vanquished.

Vanquished Creatures (others)
  3 dancing weapons
3 creatures vanquished.

Grand Total: 213 creatures vanquished

Notes
Turn   | Place    | Note
-------+----------+-------------------------------------------
     0 | D:1      | LynnLen the Spriggan Enchanter began the quest for the Orb.
     0 | D:1      | Reached XP level 1. HP: 9/9 MP: 5/5
   459 | D:1      | Reached XP level 2. HP: 11/13 MP: 6/6
   806 | D:1      | Learned a level 2 spell: Ensorcelled Hibernation
  1150 | D:2      | Noticed Jessica
  1331 | D:2      | Killed Jessica
  1332 | D:2      | Reached XP level 3. HP: 17/17 MP: 2/8
  1957 | D:2      | Reached XP level 4. HP: 21/21 MP: 9/9
  2889 | D:3      | Noticed Ijyb
  3108 | D:3      | Killed Ijyb
  3109 | D:3      | Reached skill level 5 in Stealth
  3185 | D:3      | Noticed Natasha
  3197 | D:3      | Killed Natasha
  3198 | D:3      | Reached skill level 1 in Fighting
  3198 | D:3      | Reached skill level 1 in Ice Magic
  3198 | D:3      | Reached XP level 5. HP: 17/25 MP: 10/10
  3331 | D:3      | Noticed Sigmund
  3336 | D:3      | Killed Sigmund
  3337 | D:3      | Reached skill level 5 in Hexes
  3337 | D:3      | Reached XP level 6. HP: 30/30 MP: 10/12
  3575 | D:3      | Noticed Terence
  3593 | D:3      | Killed Terence
  3611 | D:3      | Noticed Natasha
  3619 | D:3      | Killed Natasha
  4629 | D:4      | Found a radiant altar of Vehumet.
  4667 | D:4      | Found a staircase to the Ecumenical Temple.
  4714 | D:4      | Reached XP level 7. HP: 15/33 MP: 8/13
  4813 | Temple   | Entered the Ecumenical Temple
  4820 | Temple   | Became a worshipper of Dithmenos the Shadowed
  4999 | D:4      | Noticed Blork the orc
  5006 | D:4      | Killed Blork the orc
  5008 | D:4      | Found a bloodstained altar of Trog.
  5062 | D:4      | Found an ornate altar of the Wu Jian Council.
  5384 | D:5      | Entered Level 5 of the Dungeon
  5993 | D:4      | Learned a level 3 spell: Confusing Touch
  5997 | D:4      | Learned a level 3 spell: Tukima's Dance
  6328 | D:5      | Reached * piety under Dithmenos
  6335 | D:5      | Reached skill level 1 in Invocations
  6335 | D:5      | Reached XP level 8. HP: 12/39 MP: 15/15
  6514 | D:5      | Reached skill level 5 in Short Blades
  7083 | D:5      | Reached skill level 5 in Dodging
  7677 | D:6      | Reached skill level 5 in Spellcasting
  7859 | D:6      | Identified the +0 robe "Povin" {rN++ rCorr}
  8241 | D:6      | Reached XP level 9. HP: 43/43 MP: 10/17
  8258 | D:6      | Reached ** piety under Dithmenos
  8975 | D:7      | Found a runed translucent door.
  8976 | D:7      | Noticed Crazy Yiuf
  9010 | D:7      | Found a shimmering altar of Xom.
  9437 | D:7      | Reached skill level 1 in Shields
  9626 | D:7      | Banished Crazy Yiuf
  9752 | D:8      | Found a flagged portal.
  9770 | Bailey   | Entered a bailey
  9781 | Bailey   | Noticed an orc warlord
  9930 | Bailey   | Found a runed translucent gate.
  9949 | Bailey   | Found a runed translucent gate.
  9951 | Bailey   | Found a runed translucent gate.
  9958 | Bailey   | Noticed an orc knight
 10005 | Bailey   | Killed an orc knight
 10066 | Bailey   | Reached *** piety under Dithmenos
 10830 | Bailey   | Banished an orc warlord
 10831 | Bailey   | Reached XP level 10. HP: 49/49 MP: 14/20
 11197 | D:8      | Found a sparkling altar of Nemelex Xobeh.
 11266 | D:8      | Noticed a two-headed ogre
 11298 | D:8      | HP: 2/49 [two-headed ogre (16)]
 11298 | D:8      | Mangled by a two-headed ogre

Illustrated notes

Levels and vault maps discovered:
D:1:      minmay_arrival_checkered_box, layout_loops_ring
D:2:      layout_rooms, minmay_misc_feat_columns, minmay_pentomino_q2,
          uniq_jessica
D:3:      kennysheep_goblin_castle, layout_basic, uniq_sigmund, uniq_natasha,
          uniq_terence
D:4:      layout_basic, pdpol_wu_jian_five_deadly_venoms, lemuel_round_altar,
          lemuel_crystal_altar, minmay_temple_entry_grid, uniq_blork_the_orc
D:5:      minmay_clustersquares, layout_layer_cave
D:6:      minmay_angry_zag, layout_cave_pools
D:7:      layout_basic, mainiacjoe_overflow_brackets, uniq_crazy_yiuf_cottage
D:8:      layout_loops_ring, cheibriados_altar_1, nemelex_diamond_rough_becter,
          enter_bailey_3, dreamdust_princess_corridor
Temple:   nicolae_temple_ecumenical_triangle

Skill      XL: |  1  2  3  4  5  6  7  8  9 10 |
---------------+-------------------------------+-----
Hexes          | 4 5 6 7 8 |  8.0
Dodging        | 3 4 5 6 7 |  7.0
Short Blades   | 2 3 4 5 7 |  7.8
Spellcasting   | 3 4 5 6 |  6.5
Stealth        | 5 6 7 8 |  8.9
Fighting       | 1 2 3 |  3.9
Ice Magic      | 1 2 3 |  3.9
Invocations    | 1 2 3 4 |  4.2
Shields        | 1 2 |  2.0

Action                     |  1- 3 |  4- 6 |  7- 9 | 10-12 || total
---------------------------+-------+-------+-------+-------++-------
  Melee: Dagger            |   109 |   115 |   313 |    41 ||   578
         Punch             |     1 |     2 |     2 |       ||     5
   Cast: Ensorcelled Hiber |    11 |    13 |     5 |       ||    29
         Confusing Touch   |       |       |     9 |       ||     9
         Tukima's Dance    |       |       |    44 |     5 ||    49
  Evoke: Wand              |       |       |     7 |       ||     7
    Use: Scroll            |     2 |     5 |    10 |       ||    17
         Potion            |       |       |     1 |       ||     1
   Stab: Sleeping          |    15 |    17 |    13 |     7 ||    52
         Confused          |       |       |     4 |       ||     4
         Distracted        |       |       |     2 |       ||     2
 Armour: Robe              |     9 |    10 |    15 |       ||    34
         Acid dragon scale |       |       |       |     2 ||     2
  Dodge: Dodged            |    76 |    73 |   237 |    21 ||   407
  Block: Buckler           |       |       |    18 |     7 ||    25
